 Dungeon Crawl Stone Soup version 0.23.2-1-ga50397a (webtiles) character file.

Game seed: 17816601834048004655

41 Borgoz the Slasher (level 3, -3/21 HPs)
             Began as a Gargoyle Gladiator on May 25, 2019.
             Slain by Sigmund
             ... wielding a +0 scythe
              (10 damage)
             ... on level 2 of the Dungeon.
             The game lasted 00:01:36 (1127 turns).

Borgoz the Slasher (Gargoyle Gladiator)             Turns: 1127, Time: 00:01:37

Health: -3/21      AC:  7    Str: 18    XL:     3   Next: 52%
Magic:  3/3        EV: 12    Int:  8    God:
Gold:   77         SH:  0    Dex: 11    Spells: 2/2 levels left

rFire    . . .     SeeInvis .   b - +1 dagger (venom)
rCold    . . .     Gourm    .   (no shield)
rNeg     + . .     Faith    .   l - +0 leather armour (curse)
rPois    ∞         Spirit   .   c - +0 helmet
rElec    +         Reflect  .   (no cloak)
rCorr    +         Harm     +   (no gloves)
MR       .....                  (no boots)
Stlth    +.........             q - amulet of harm
HPRegen  0.07/turn              m - ring of resist corrosion
MPRegen  0.08/turn              (no ring)

@: confused
A: negative energy resistance 1, electricity resistance, unbreathing,
petrification resistance, rot immunity, AC +3
a: no special abilities


You were on level 2 of the Dungeon.
You were not hungry.

You visited 1 branch of the dungeon, and saw 2 of its levels.

You collected 77 gold pieces.

Inventory:

Hand Weapons
 a - a +0 long sword
 b - a +1 dagger of venom (weapon)
Missiles
 d - 3 throwing nets (quivered)
Armour
 c - a +0 helmet (worn)
 l - a cursed +0 leather armour (worn)
 p - a +0 ring mail
Jewellery
 m - a ring of resist corrosion (left hand)
 q - an amulet of harm (around neck)
Scrolls
 h - a scroll of magic mapping {unknown}
 i - 2 scrolls of remove curse {unknown}
 j - a scroll of blinking {unknown}
 k - a scroll of enchant weapon {unknown}
 o - 5 scrolls of identify {unknown}
Potions
 e - a potion of brilliance {unknown}
 n - a potion of flight {unknown}
Comestibles
 f - 2 rations
 g - 2 chunks of flesh


   Skills:
 - Level 2.1 Fighting
 * Level 3.4 Long Blades
 - Level 1.7 Throwing
 + Level 1.4 Armour
 + Level 2.7 Dodging


You had 2 spell levels left.
You didn't know any spells.
Your spell library was empty.

Dungeon Overview and Level Annotations

Branches:
Dungeon (2/15)

Altars:

Annotations:
D:2 Sigmund


Innate Abilities, Weirdness & Mutations

You are resistant to torment.
Your stone body is resilient. (AC +3)
You are immune to poison.
You resist negative energy. (rN+)
You are resistant to electric shocks. (rElec)
You can survive without breathing.
You are immune to petrification.
You are immune to rotting.


Message History

Sigmund says, "I'm your fate." Sigmund barely misses you.
You barely miss Sigmund. Sigmund closely misses you.
You barely miss Sigmund.
Sigmund is lightly wounded.
Sigmund gestures at you while chanting.
You are confused.
Sigmund mumbles some strange words.
Sigmund flickers and vanishes!
Deactivating autopickup; reactivate with Ctrl-A.
You are too confused!
Something hits you.
You are too confused!
You hear some strange, mumbled words.
You are more confused.
You miss something. Something hits you.
You closely miss something. Something hits you!
* * * LOW HITPOINT WARNING * * *
You completely miss something. Something hits you!
You die...

.#P..≈ .♣.P≈≈ ≈♣♣P....
#.##....♣...≈≈ ♣≈..♣...
#.##......)..♣♣P...(.###
#.##.#..##.P..P..P......
#..........#..##.......
#.......###.........##..
#.##......#.............
...#....#.#.....@{.##
†.......................
†..#...##.#.............
#.##...##.#........##.#.
#.........#........# #
####.#############.# .
#.# .. . #.# ### #.#


There were no monsters in sight!

Vanquished Creatures
  3 dart slugs (D:1)
  A leopard gecko (D:2)
  A giant cockroach (D:2)
  6 goblins
  3 hobgoblins
  6 jackals
  2 quokkas (D:2)
  A frilled lizard (D:2)
  4 kobolds
  3 rats
30 creatures vanquished.

Notes
Turn   | Place    | Note
-------+----------+-------------------------------------------
     0 | D:1      | Borgoz the Gargoyle Gladiator began the quest for the Orb.
     0 | D:1      | Reached XP level 1. HP: 12/12 MP: 1/1
   123 | D:1      | Reached XP level 2. HP: 15/17 MP: 2/2
   159 | D:1      | Reached skill level 3 in Long Blades
   336 | D:1      | Reached skill level 1 in Armour
   573 | D:1      | Reached XP level 3. HP: 21/21 MP: 3/3
  1116 | D:2      | Noticed Sigmund
  1127 | D:2      | Slain by Sigmund

Skill      XL: |  1  2 |
---------------+-------+-----
Long Blades    | 3 |  3.4
Armour         | 1 |  1.4
Fighting       | |  2.1
Throwing       | |  1.7
Dodging        | |  2.7

Action                   || total
-------------------------++-------
Melee: Long sword        ||    11
       Dagger            ||    81
  Eat: Chunk             ||     1
Armor: Leather armour    ||    34
Dodge: Dodged            ||    44
       Rpst.: Long sword ||     1
